 Dungeon Crawl Stone Soup version 0.20-a0-828-gbdc6353 (webtiles) character file.

224 Laan the Cudgeler (level 6, -2/62 HPs)
             Began as an Ogre Berserker on Mar 6, 2017.
             Was a Believer of Trog.
             Slain by an adder (3 damage)
             ... on level 3 of the Dungeon.
             The game lasted 00:04:22 (2308 turns).

Laan the Cudgeler (Ogre Berserker)                  Turns: 2308, Time: 00:04:22

Health: -2/62      AC:  3    Str: 27 (29) XL:     6   Next: 0%
Magic:  6/6        EV: 10    Int: 12      God:    Trog [**....]
Gold:   132        SH:  0    Dex:  6 (8)  Spells: 5/5 levels left

rFire    . . .     SeeInvis .   a - +0 mace
rCold    . . .     Gourm    .   b - +0 animal skin
rNeg     . . .     Faith    .   (no shield)
rPois    .         Spirit   .   (helmet restricted)
rElec    .         Reflect  .   (no cloak)
rCorr    .         Harm     .   (gloves unavailable)
MR       .....                  (boots unavailable)
Stlth    +.........             (no amulet)
Regen    0.2/turn               j - +4 ring of intelligence
MPRegen  0.1/turn               i - ring of wizardry

@: mighty, lethally poisoned (-2 -> -29), exhausted, slowed, very slow
A: unfitting armour, tough skin 1
a: Berserk, Trog's Hand, Burn Spellbooks, Renounce Religion


You were on level 3 of the Dungeon.
You worshipped Trog.
Trog was pleased with you.
You were near starving.

You visited 1 branch of the dungeon, and saw 3 of its levels.

You collected 132 gold pieces.

Inventory:

Hand Weapons
 a - a +0 mace (weapon)
Armour
 b - a +0 animal skin (worn)
Jewellery
 i - a ring of wizardry (left hand)
 j - a +4 ring of intelligence (right hand)
Scrolls
 d - a scroll of remove curse
 e - a scroll of amnesia {unknown}
 l - 2 scrolls of teleportation {unknown}
 m - a scroll of identify
 o - 2 scrolls of noise {unknown}
 p - a scroll of random uselessness {unknown}
 q - a scroll of recharging {unknown}
Comestibles
 c - a bread ration
 s - a meat ration
 t - a royal jelly


   Skills:
 - Level 4.0 Fighting
 + Level 5.9 Maces & Flails
 - Level 2.6 Dodging


You had 5 spell levels left.
You didn't know any spells.

Dungeon Overview and Level Annotations

Branches:
Dungeon (3/15)

Altars:
Makhleb
Trog
Zin


Innate Abilities, Weirdness & Mutations

You are too large for most types of armour.
You have tough skin. (AC +1)


Message History

The adder poisons you!
Okay, then.
You miss the adder.
You feel less invigorated.
You feel less confused.
* * * LOW HITPOINT WARNING * * *
You feel very sick. The adder bites you.
* * * LOW HITPOINT WARNING * * *
The adder bites you.
* * * LOW HITPOINT WARNING * * *
The adder barely misses you. The adder bites you.
* * * LOW HITPOINT WARNING * * *
A kobold comes into view. It is wielding a club.
You feel very mighty all of a sudden.
Your skin stops crawling.
You feel less resistant to hostile enchantments.
* * * LOW HITPOINT WARNING * * *
You feel very sick.
The kobold moves out of view.
The adder closely misses you. The adder bites you but does no damage.
The adder bites you.
You die...

#.........#
#........$#
#.........#
#......!..#
#####.........#
......†.......#
#####.lhh.....#
#bSS#.######
#.#@#..##########
#.#.#...........#
# #.#...........#
......>........#
#.###...........#
#...........#
#...........#
#...........#
#......<....#


You could see a howler monkey, 2 adders, a bat and a frilled lizard.

Vanquished Creatures
  A scorpion (D:3)
  Jessica (D:3)
  Terence (D:2)
  Natasha (D:3)
  5 adders
  2 oozes
  A worm (D:3)
  A giant cockroach (D:1)
  6 hobgoblins
  2 jackals (D:2)
  A quokka (D:2)
  6 bats
  5 frilled lizards
  5 goblins
  5 kobolds
  4 rats (D:2)
47 creatures vanquished.

Notes
Turn   | Place    | Note
-------+----------+-------------------------------------------
     0 | D:1      | Laan the Ogre Berserker began the quest for the Orb.
     0 | D:1      | Reached XP level 1. HP: 24/24 MP: 1/1
   126 | D:1      | Reached skill level 3 in Maces & Flails
   154 | D:1      | Reached XP level 2. HP: 31/32 MP: 2/2
   870 | D:2      | Reached XP level 3. HP: 34/39 MP: 3/3
   972 | D:2      | Found a burning altar of Makhleb.
   974 | D:2      | Found a glowing silver altar of Zin.
   974 | D:2      | Noticed an angel
   975 | D:2      | Noticed an Executioner
   981 | D:2      | Reached skill level 4 in Maces & Flails
  1363 | D:2      | Noticed Terence
  1367 | D:2      | Killed Terence
  1367 | D:2      | Reached XP level 4. HP: 48/48 MP: 4/4
  1458 | D:2      | Reached ** piety under Trog
  1689 | D:3      | Found a bloodstained altar of Trog.
  1784 | D:3      | Reached skill level 5 in Maces & Flails
  1784 | D:3      | Reached XP level 5. HP: 40/54 MP: 5/5
  1800 | D:3      | Noticed Jessica
  1809 | D:3      | Killed Jessica
  2055 | D:3      | Noticed Natasha
  2065 | D:3      | Killed Natasha
  2290 | D:3      | Reached XP level 6. HP: 50/62 MP: 6/6
  2302 | D:3      | HP: 2/62 [poisoned by an adder]
  2308 | D:3      | HP: 1/62 [poisoned by an adder]
  2308 | D:3      | Slain by an adder

Vault maps used:
D:1:      saegor_arrival_simple_f
D:2:      grunt_temple_overflow_order_and_chaos_2, uniq_terence
D:3:      ashenzari_conservatory_becter, trog_three_pillars_becter,
          uniq_grinder, uniq_jessica, uniq_natasha

Skill      XL: |  1  2  3  4 |
---------------+-------------+-----
Maces & Flails | 3 4 5 |  5.9
Fighting       | |  4.0
Dodging        | |  2.6

Action                   |  1- 3 |  4- 6 || total
-------------------------+-------+-------++-------
Melee: Mace              |   108 |    86 ||   194
Invok: Berserk           |     1 |     3 ||     4
       Trog's Hand       |       |     1 ||     1
  Use: Potion            |       |     6 ||     6
       Scroll            |       |     2 ||     2
  Eat: Chunk             |     2 |     5 ||     7
Armor: Animal skin       |    30 |    47 ||    77
       Skin              |       |     3 ||     3
Dodge: Dodged            |    86 |    74 ||   160
